 Dungeon Crawl Stone Soup version 0.28.0-53-g5a82cb258f (webtiles) character file.

Game seed: 17500394194699241617

1337 mcbry74 the Cleaver (level 8, 0/53 (68) HPs)
             Began as a Hill Orc Fighter on July 8, 2022.
             Was a Priest of Vehumet.
             Slain by a wight
             ... wielding a +5 short sword
              (1 damage)
             ... on level 5 of the Dungeon.
             The game lasted 00:13:35 (5671 turns).

mcbry74 the Cleaver (Hill Orc Fighter)              Turns: 5671, Time: 00:13:36

HP:   0/53 (68)     AC: 12    Str: 19    XL:     8   Next: 61%
MP:   2/8           EV:  9    Int: 13    God:    Vehumet [***...]
Gold: 360           SH:  7    Dex: 10    Spells: 5/7 levels left

rFire   . . .      SeeInvis .   a - +0 war axe
rCold   . . .      Faith    .   A - +2 buckler
rNeg    . . .      Spirit   .   z - +2 scale mail {rPois}
rPois   +          Reflect  .   x - +0 helmet
rElec   .          Harm     .   w - +0 cloak
rCorr   .          Rampage  .   (no gloves)
Will    .....                   i - -1 pair of boots "Cuheeng" {Int+3 Stlth+}
Stlth   +.........              g - amulet of the acrobat
HPRegen 0.17/turn               (no ring)
MPRegen 0.11/turn               (no ring)

@: heavily drained
A: no striking features
a: Renounce Religion


You were on level 5 of the Dungeon.
You worshipped Vehumet.
Vehumet was most pleased with you.
You visited 1 branch of the dungeon, and saw 6 of its levels.

You collected 360 gold pieces.

Inventory:

Hand Weapons
 a - a +0 war axe (weapon)
 F - a +1 vorpal dire flail
Missiles
 f - 69 stones
 r - 8 poisoned darts
Armour
 b - a +0 scale mail
 c - a +0 buckler
 i - the -1 pair of boots "Cuheeng" (worn) {Int+3 Stlth+}
   (You found it on level 2 of the Dungeon)

   Int:       It affects your intelligence (+3).
   Stlth:     It makes you more stealthy.
 w - a +0 cloak (worn)
 x - a +0 helmet (worn)
 z - a +2 scale mail of poison resistance (worn)
 A - a +2 buckler (worn)
Jewellery
 g - an amulet of the acrobat (around neck)
 C - a ring of flight
Wands
 q - a wand of acid (5)
Scrolls
 e - a scroll of torment {unknown}
 j - 3 scrolls of magic mapping {unknown}
 k - a scroll of immolation {unknown}
 l - 9 scrolls of identify {unknown}
 o - 4 scrolls of teleportation {unknown}
 p - 2 scrolls of fog {unknown}
 t - a scroll of vulnerability {unknown}
 v - a scroll of summoning {unknown}
 y - 2 scrolls of acquirement {unknown}
Potions
 d - 3 potions of might
 h - 3 potions of cancellation {unknown}
 m - 2 potions of curing {unknown}
 n - 2 potions of attraction {unknown}
 s - 3 potions of mutation {unknown}
 u - 3 potions of degeneration {unknown}
 B - a potion of resistance {unknown}
 D - a potion of heal wounds {unknown}
 E - a potion of magic {unknown}


   Skills:
 - Level 5.1 Fighting
 * Level 8.7 Axes
 + Level 5.9 Armour
 + Level 5.9 Shields
 + Level 3.9 Fire Magic


You had 5 spell levels left.
You knew the following spells:

 Your Spells              Type           Power      Damage    Failure   Level
a - Scorch                Fire           20%        2d6       9%          2

Your spell library contained the following spells:

 Spells                   Type           Power      Damage    Failure   Level
 Stone Arrow              Conj/Erth      0%         3d7       58%         3
 Sublimation of Blood     Necr           0%         N/A       86%         2
 Irradiate                Conj/Tmut      0%         3d13      99%         5
 Petrify                  Tmut/Erth      0%         N/A       100%        4


Dungeon Overview and Level Annotations

Branches:
Dungeon (6/15)
 Temple: D:4-7

Altars:
Vehumet

Shops:
D:2 !

Annotations:
D:4 1 runed translucent door, zielscheibe's ghost, amateur VSFi


Message History

The wight hits you with a +5 short sword.
You feel drained.
There is a stone staircase leading up here.
The wight hits you but does no damage.
You climb upwards.
There is a stone staircase leading down here.
You barely miss the wight.
The wight is moderately damaged.
You block the wight's attack.
You barely miss the wight.
The wight is moderately damaged.
The wight hits you with a +5 short sword.
You feel drained.
You hit the wight.
The wight is heavily damaged.
The wight completely misses you.
You hit the wight.
The wight is heavily damaged.
The wight closely misses you.
You closely miss the wight.
The wight is heavily damaged.
The wight hits you with a +5 short sword.
* * * LOW HITPOINT WARNING * * *
You feel drained.
You hit the wight.
The wight is severely damaged.
The wight hits you with a +5 short sword.
* * * LOW HITPOINT WARNING * * *
You hit the wight but do no damage.
The wight is severely damaged.
The wight hits you with a +5 short sword.
* * * LOW HITPOINT WARNING * * *
You feel drained.
* * * LOW HITPOINT WARNING * * *
You closely miss the wight.
The wight is severely damaged.
The wight hits you with a +5 short sword.
* * * LOW HITPOINT WARNING * * *
You feel drained.
You die...

.#.##.###.##.# #.# #########.
.#.##.###..#.### #.# #..)......
[#.##..###.#.#.###.# #.#.###...
.#.###.# #.#..#....#####.#.# #.##
.#.###.###.#.###.........#.# #.#
............## ##....#####.# #.#
##.###.#####.###.###.# #.# #.#
##.# #.# ##.#..# #.# #.###.##
##.# #.# ##.#@###.#####.##.#.#
.#.# #.# #.#z##..........###.
...# #.#######.#.##...###...#.#.#
.### #.........#.##.......#......
######..########.##...###........
........# #.##.### ##.....>.
.......## #.##.# #.......
.####### #.##.# #.<..... .#
#...[# #.......


You could see a wight.

Vanquished Creatures
  Grinder (D:5)
  Menkaure (D:5)
  Edmund (D:5)
  3 phantoms (D:5)
  A wyvern zombie (D:6)
  2 scorpions (D:5)
  2 wights (D:6)
  3 hounds
  2 jellies
  An orc priest (D:3)
  A centaur skeleton (D:5)
  An orc wizard (D:3)
  4 gnolls (D:4)
  7 adders
  2 orcs (D:3)
  8 endoplasms
  2 giant cockroaches
  12 goblins
  8 hobgoblins
  4 quokkas
  10 ball pythons
  7 bats
  7 frilled lizards
  7 kobolds
  A quokka skeleton (D:2)
  5 rats
103 creatures vanquished.

Vanquished Creatures (others)
  5 plants (D:3)
  2 withered plants (D:4)
7 creatures vanquished.

Grand Total: 110 creatures vanquished

Notes
Turn   | Place    | Note
-------+----------+-------------------------------------------
     0 | D:1      | mcbry74 the Hill Orc Fighter began the quest for the Orb.
     0 | D:1      | Reached XP level 1. HP: 19/19 MP: 1/1
   178 | D:1      | Reached XP level 2. HP: 27/27 MP: 2/2
   215 | D:1      | Reached skill level 3 in Axes
   491 | D:1      | Found a faded altar of an unknown god.
   549 | D:1      | Prayed at the altar of an unknown god.
   549 | D:1      | Became a worshipper of Vehumet
   549 | D:1      | Reached * piety under Vehumet
   549 | D:1      | Offered knowledge of Sandblast by Vehumet.
   764 | D:1      | Reached XP level 3. HP: 33/33 MP: 3/3
  1157 | D:2      | Identified the -1 pair of boots "Cuheeng" {Int+3 Stlth+}
  1653 | D:2      | Reached XP level 4. HP: 40/40 MP: 4/4
  1666 | D:2      | Reached skill level 4 in Axes
  1713 | D:2      | Reached ** piety under Vehumet
  1771 | D:2      | Found Zopluar's Distillery.
  1774 | D:2      | Offered knowledge of Scorch by Vehumet.
  1778 | D:2      | Learned a level 2 spell: Scorch
  2001 | D:3      | Reached XP level 5. HP: 29/47 MP: 5/5
  2627 | D:3      | Reached skill level 5 in Axes
  2750 | D:3      | Offered knowledge of Stone Arrow by Vehumet.
  2829 | D:4      | Reached skill level 1 in Fire Magic
  2829 | D:4      | Reached XP level 6. HP: 43/55 MP: 6/6
  2906 | D:4      | Found a runed translucent door.
  2907 | D:4      | Noticed zielscheibe's ghost (amateur VSFi)
  3763 | D:5      | Entered Level 5 of the Dungeon
  3766 | D:5      | Noticed Menkaure
  3773 | D:5      | Killed Menkaure
  3773 | D:5      | Reached *** piety under Vehumet
  3774 | D:5      | Reached skill level 5 in Fighting
  3774 | D:5      | Reached skill level 6 in Axes
  3949 | D:5      | Reached XP level 7. HP: 56/61 MP: 7/7
  4113 | D:5      | Reached skill level 5 in Armour
  4113 | D:5      | Reached skill level 5 in Shields
  4376 | D:5      | Reached skill level 7 in Axes
  4454 | D:5      | Reached XP level 8. HP: 59/68 MP: 8/8
  4506 | D:5      | Noticed Grinder
  4521 | D:5      | Paralysed by Grinder for 7 turns
  4530 | D:5      | Paralysed by Grinder for 3 turns
  4549 | D:5      | Killed Grinder
  4550 | D:5      | Reached skill level 8 in Axes
  4866 | D:5      | Noticed Edmund
  4885 | D:5      | Killed Edmund
  5162 | D:5      | Identified the +0 ring mail "Ewidufeq" {Str+3 Dex+2}
  5671 | D:5      | HP: 1/54 [wight/+5 short sword (5)]
  5671 | D:5      | Slain by a wight

Illustrated notes

Levels and vault maps discovered:
D:1:      psy_arrival_terrarium, layout_basic,
          ebering_ecumenical_altar_abandoned, minmay_pentomino_p4
D:2:      layout_basic, serial_shops, shop, grunt_ministairs_7, grunt_decor_cap
D:3:      layout_rooms, guppyfry_early_lair_pool
D:4:      layout_layer_cave, gammafunk_ghost_grave
D:5:      layout_loops_ring, minivault_19, uniq_edmund, uniq_menkaure,
          uniq_grinder
D:6:      layout_basic, tgw_kikubaaqudgha, minmay_temple_entry_gardened_gates

Skill      XL: |  1  2  3  4  5  6  7  8 |
---------------+-------------------------+-----
Axes           | 3 4 5 6 7 8 |  8.7
Fighting       | 4 5 |  5.1
Armour         | 4 5 |  5.9
Shields        | 4 5 |  5.9
Fire Magic     | 1 3 |  3.9

Action                   |  1- 3 |  4- 6 |  7- 9 || total
-------------------------+-------+-------+-------++-------
Melee: War axe           |   130 |   129 |   111 ||   370
 Cast: Scorch            |       |       |    18 ||    18
Armor: Scale mail        |    55 |    59 |    30 ||   144
Dodge: Dodged            |    78 |    69 |    39 ||   186
Block: Buckler           |    35 |    30 |    33 ||    98
